 Dungeon Crawl Stone Soup version 0.30-a0-715-gdb4ae3ece1 (webtiles) character file.

Game seed: 11801774432915699631

151 jlumianski the Trooper (level 5, -2/42 HPs)
             Began as a Demonspawn Fighter on Jan 24, 2023.
             Slain by Crazy Yiuf
             ... wielding a +2 quarterstaff of chaos
              (6 damage)
             ... on level 2 of the Dungeon.
             The game lasted 00:05:24 (1828 turns).

jlumianski the Trooper (Demonspawn Fighter)         Turns: 1828, Time: 00:05:25

Health: -2/42      AC:  7    Str: 18    XL:     5   Next: 10%
Magic:  3/5        EV:  9    Int: 10    God:
Gold:   115        SH:  0    Dex: 12    Spells: 4/4 levels left

rFire   . . .      SeeInvis .    a - +0 war axe
rCold   . . .      Faith    .    c - +0 buckler
rNeg    . . .      Spirit   .    b - +0 scale mail
rPois   .          Reflect  .    (helmet restricted)
rElec   .          Harm     .    e - +0 cloak
rCorr   .          Rampage  .    (no gloves)
Will    .....                    (no boots) Stlth
                                 (no amulet)
HPRegen 0.27/turn                (no ring)
MPRegen 0.09/turn                (no ring)

@: confused, lethally poisoned (-2 -> -9)
A: horns 1, condensation shield
a: no special abilities


You were on level 2 of the Dungeon.
You visited 1 branch of the dungeon, and saw 4 of its levels.

You collected 115 gold pieces.

Inventory:

Hand Weapons
 a - a +0 war axe (weapon)
 r - the +2 hammer of Ohuryelo {speed, +Blink rCorr}
   (You found it on level 2 of the Dungeon)

   +Blink:    It lets you blink.
   rCorr:     It protects you from acid and corrosion.
Missiles
 g - 6 poisoned darts (quivered)
 l - 10 stones
Armour
 b - a +0 scale mail (worn)
 c - a +0 buckler (worn)
 e - a +0 cloak (worn)
Jewellery
 h - a ring of fire
Scrolls
 f - 3 scrolls of magic mapping {unknown}
 j - a scroll of teleportation {unknown}
 m - 2 scrolls of fog {unknown}
 n - a scroll of noise {unknown}
 p - 3 scrolls of identify {unknown}
 s - a scroll of fear {unknown}
Potions
 d - 2 potions of might
 i - a potion of berserk rage {unknown}
 k - a potion of attraction {unknown}
 o - a potion of lignification {unknown}
 q - a potion of curing {unknown}


   Skills:
 * Level 3.6 Fighting
 + Level 3.6 Axes
 + Level 3.0 Armour
 + Level 0.7 Dodging
 + Level 3.2 Shields


You had 4 spell levels left.
You didn't know any spells.
Your spell library was empty.

Dungeon Overview and Level Annotations

Branches:
Dungeon (4/15)
 Temple: D:4-7

Altars:

Annotations:
D:2 Crazy Yiuf


Innate Abilities, Weirdness & Mutations

You have a pair of small horns on your head.
A meltable shield of frost defends you. (SH +4)


Message History

You hit Crazy Yiuf.
Crazy Yiuf is lightly wounded.
Crazy Yiuf barely misses you.
Crazy Yiuf laughs, "Orb horse horse!"
You block Crazy Yiuf's attack.
You hit Crazy Yiuf but do no damage.
Crazy Yiuf is lightly wounded.
Crazy Yiuf whimpers, "Citrus!
Rifle return to song head."
Crazy Yiuf hits you with a +2 quarterstaff of chaos!
You are poisoned.
You hit Crazy Yiuf. You headbutt Crazy Yiuf.
Crazy Yiuf is moderately wounded.
You feel very sick. You block Crazy Yiuf's attack.
Crazy Yiuf hits you with a +2 quarterstaff of chaos.
Crazy Yiuf draws strength from your wounds!
You hit Crazy Yiuf.
Crazy Yiuf is moderately wounded.
You feel sick.
Crazy Yiuf twirls on the spot.
You block Crazy Yiuf's attack.
You hit Crazy Yiuf. Your headbutt misses Crazy Yiuf.
Crazy Yiuf is heavily wounded.
You feel sick.
Crazy Yiuf hits you with a +2 quarterstaff of chaos.
You feel your power leaking away.
You hit Crazy Yiuf.
Crazy Yiuf is severely wounded.
You feel sick.
Crazy Yiuf hits you with a +2 quarterstaff of chaos!
* * * LOW HITPOINT WARNING * * *
You are confused.
Crazy Yiuf hits you with a +2 quarterstaff of chaos.
* * * LOW HITPOINT WARNING * * *
You are lethally poisoned!
You bump into the rock wall.
* * * LOW HITPOINT WARNING * * *
You feel sick.
Crazy Yiuf hits you with a +2 quarterstaff of chaos.
You die...

# #.####....####...........
#########.# #....# ###########.
..........# #PPP.# ####........
########### #)P.## #.##.######. #
##)## #.##.######) ############
#)## #.........#. ...........#
##)# #.#.......#รท ...........#
#.## ##########.. ...........#
##@# #........... ####...#####
#g# #...#####..# ...........# )))
#...####..## #.......#### #)))#
#........## #.......# #).)#
######.>## ######### ##### ##.#
############ #.####
...........#################.....
#############....##.##.......####


You could see Crazy Yiuf.

Vanquished Creatures
  A bullfrog (D:3)
  2 adders (D:2)
  3 worms (D:2)
  4 dart slugs
  An orc (D:3)
  4 ball pythons
  4 bats
  6 endoplasms
  2 giant cockroaches (D:1)
  5 hobgoblins
  4 jackals (D:1)
  3 quokkas
  3 frilled lizards
  4 goblins
  A kobold (D:1)
  2 rats
49 creatures vanquished.

Notes
Turn   | Place    | Note
-------+----------+-------------------------------------------
     0 | D:1      | jlumianski the Demonspawn Fighter began the quest for the
                  | Orb.
     0 | D:1      | Reached XP level 1. HP: 18/18 MP: 1/1
   104 | D:1      | Gained mutation: A meltable shield of frost defends you.
                  | (SH +4) [demonic ancestry]
   104 | D:1      | Reached XP level 2. HP: 21/24 MP: 2/2
   392 | D:1      | Reached XP level 3. HP: 28/29 MP: 3/3
  1076 | D:3      | Noticed a bullfrog
  1083 | D:3      | Killed a bullfrog
  1084 | D:3      | Gained mutation: You have a pair of small horns on your
                  | head. [demonic ancestry]
  1084 | D:3      | Reached XP level 4. HP: 31/36 MP: 4/4
  1371 | D:2      | Found a runed translucent door.
  1372 | D:2      | Noticed Crazy Yiuf
  1373 | D:2      | Identified the +2 hammer of Ohuryelo {speed, +Blink rCorr}
  1556 | D:2      | Reached XP level 5. HP: 41/41 MP: 5/5
  1828 | D:2      | Slain by Crazy Yiuf

Illustrated notes

Levels and vault maps discovered:
D:1:      matt_arrival_refuge, layout_rooms, minmay_strange_pillars,
          dreamdust_wishing_well
D:2:      layout_basic, uniq_crazy_yiuf_cottage
D:3:      minmay_evil_eye, layout_basic, lemuel_doored_altar,
          nicolae_uskayaw_dance_hall
D:4:      layout_layer_cave, minmay_temple_entry_oklob, st_stairs_13,
          uniq_duvessa, uniq_robin, uniq_edmund

Skill      XL: |  1  2  3 |
---------------+----------+-----
Axes           | 2 3 |  3.6
Armour         | 3 |  3.0
Shields        | 3 |  3.2
Fighting       | |  3.6
Dodging        | |  0.7

Action                     |  1- 3 |  4- 6 || total
---------------------------+-------+-------++-------
  Melee: War axe           |   113 |    29 ||   142
         Headbutt          |       |     4 ||     4
 Armour: Scale mail        |    50 |    10 ||    60
  Dodge: Dodged            |    48 |     7 ||    55
  Block: Buckler           |    48 |    10 ||    58

Table legend: (Time is in decaauts)
 A = Elapsed time spent in this place.
 B = Non-inter-level travel time spent in this place.
 C = Inter-level travel time spent in this place.
 D = Time resting spent in this place.
 E = Time spent auto-exploring this place.
 F = Levels seen in this place.
 G = Mean time per level.
                   A        B        C        D        E       F      G
               +--------+--------+--------+--------+--------+-----+--------+
         Total |   1889 |   1869 |     20 |      0 |   1127 |   4 |  472.2 |
       Dungeon |   1889 |   1869 |     20 |      0 |   1127 |   4 |  472.2 |
               +--------+--------+--------+--------+--------+-----+--------+

Top non-repeatable levels by time:
     D:2: 1137 daAuts
     D:1: 577 daAuts
     D:3: 126 daAuts
     D:4: 46 daAuts
